Unix NetHack Version 5.0.0-0 post-release - last build Jul 19 2026 19:10:59 (3aa4ab31751d3886436d94b585a96704892fd477,branch:main).

Game began 2026-07-22 18:55:48, ended 2026-07-22 19:19:40.

Jinnora, neutral female human Wizard

                ---------
    ------      |.......|
    |{...|      |...._=.|          ------------
    |....|  ####.[......-##        |..........|
    |....| ##  #----.---- #        |..........|
    |....-##  ##    ##    #        |..........|              ------
    |....|   ##      #    ##       |..........|              |....|
    |....|  ##       #     ##     #...........|             #.....|
    ----.- ##        #      #     #----------.-             #|.....#
        #  #         #      `#    @          #########      #------#
        #  #         #       ###  f          #       **######      #
      ###  #         ##        #  #          #             ##      #
      #    #          #       #####        ###         -----###    #
     -.--- #          #      ######     ###############....|# #####`#######
     |...| #          ##    ## #########-)-------      |....#      # --.--+-
     |...|##        ---.--######  #     |.......|     #....|       ##|.....|
     |....#         |{*.<.###     ##    |.......)######-----        #|.....|
     -----          |....|              |.....>.|                   #-.....|
                    ------              ---------                    -------

Jinnora the Conjurer      St:11 Dx:17 Co:11 In:18 Wi:9 Ch:13  Neutral
Dlvl:4  $:27 HP:0(36) Pw:1(32) AC:9  Xp:5/245 T:2668  Strained

Latest messages:
 You feel that Thoth is well-pleased.
 You feel much better.
 You see here an empty broken chest.
 You see here 56 rocks.
 You see here 56 rocks.
 You see here an empty broken chest.
 The giant bat bites!
 In what direction? 4
 The spell hits the giant bat!
 You hear a crumbling sound.
 The giant bat bites!
 In what direction? 4
 The spell hits it!
 You kill it!
 You have much trouble lifting an empty broken chest.  Continue? [ynq] (q) y
 You have much trouble lifting U - an empty broken chest.
 You stagger under your heavy load.  Movement is very hard.
 You see here 56 rocks.
 You see here 59 rocks.
 The jackal bites!
 The jackal bites!
 The jackal bites!
 What do you want to drop? [$a-im-zABDEG-UYZ or ?*] U
 You drop an empty broken chest.
 Your movements are only slowed slightly by your load.
 The jackal bites!
 The jackal bites!
 You hit the jackal.
 The jackal bites!
 You kill the jackal!
 In what direction? 4
 The spell hits the leprechaun!
 The leprechaun hits!
 Your purse feels lighter.
 The leprechaun vanishes!
 You have much trouble lifting an empty broken chest.  Continue? [ynq] (q) y
 You have much trouble lifting U - an empty broken chest.
 You stagger under your heavy load.  Movement is very hard.
 Where do you want to travel to?
 (For instructions type a '?')
 The kitten bites!
 The kitten bites!
 The kitten bites!
 What do you want to throw? [$GN or ?*] w
 In what direction? 2
 You have so little stamina, the corpse drops from your grasp.
 An uncursed lichen corpse hits the ground.
 The kitten bites!
 You die...
 Do you want your possessions identified? [ynq] (y) q

Inventory:
 Coins    ('$')
  $ - 27 gold pieces
 Amulets  ('"')
  J - an uncursed amulet of flying
 Weapons  (')')
  N - 10 blessed +1 darts
  G - an uncursed +0 elven dagger
  a - a blessed +1 quarterstaff (weapon in hands)
 Armor    ('[')
  b - an uncursed +0 cloak of magic resistance (being worn)
  K - an uncursed +0 robe
  y - an uncursed +0 leather armor
 Comestibles  ('%')
  q - 2 uncursed slime molds
  E - an uncursed lembas wafer
  w - 2 uncursed lichen corpses
 Scrolls  ('?')
  s - 2 uncursed scrolls of create monster
  i - an uncursed scroll of enchant weapon
  A - a cursed scroll of fire
  o - an uncursed scroll of identify
  Y - 4 cursed scrolls of identify
  D - an uncursed scroll of light
  x - 2 uncursed scrolls of magic mapping
  Z - a cursed scroll of taming
 Potions  ('!')
  m - a cursed potion of booze
  g - 2 uncursed potions of healing
  H - an uncursed potion of invisibility
  f - a blessed potion of object detection
  h - an uncursed potion of object detection
  r - a cursed potion of restore ability
  z - 2 cursed potions of speed
  I - 2 uncursed potions of water
 Rings    ('=')
  d - an uncursed +1 ring of gain constitution
  e - an uncursed ring of shock resistance
 Wands    ('/')
  t - an uncursed wand of cold (0:5)
  S - a cursed wand of cold (0:8)
  O - a cursed wand of cold (0:6)
  P - a cursed wand of create monster (0:15)
  R - a cursed wand of digging (0:8)
  Q - a cursed wand of light (0:12)
  B - an uncursed wand of secret door detection (0:13)
  c - an uncursed wand of secret door detection (0:11)
  T - a cursed wand of secret door detection (0:14)
 Tools    ('(')
  U - an empty uncursed broken chest
  n - an uncursed magic marker (0:20)
 Gems/Stones  ('*')
  p - an uncursed agate stone
  M - an uncursed amber stone
  u - 2 uncursed worthless pieces of blue glass
  L - an uncursed worthless piece of orange glass
  v - an uncursed worthless piece of white glass

Jinnora the Wizard's attributes:

Background:
 You were a Conjurer, a level 5 female human Wizard.
 You were neutral, on a mission for Thoth
 who was opposed by Ptah (lawful) and Anhur (chaotic).
 You were right-handed.
 You were in the Dungeons of Doom, on level 4.
 You entered the dungeon 2668 turns ago.
 You had 245 experience points, 75 more were needed to attain level 6.

Basics:
 You had 0 out of 36 hit points.
 You had 1 out of 32 energy points (spell power).
 Your armor class was 9.
 Your wallet contained 27 zorkmids.
 Autopickup was off.

Final Characteristics:
 Your strength was 11 (limit:18/100).
 Your dexterity was 17 (limit:18).
 Your constitution was 11 (limit:18).
 Your intelligence was 18 (limit:18).
 Your wisdom was 9 (limit:18).
 Your charisma was 13 (limit:18).

Final Status:
 You weren't hungry.
 You were strained; movement was very slowed.
 You were wielding a quarterstaff.
 You had basic skill with quarterstaff.

Final Attributes:
 You were piously aligned.
 You were magic-protected.
 You were warded.
 You are dead.

Miscellaneous:
 You encountered 1 bones level.
 Total elapsed playing time was 23 minutes and 52 seconds.

Major events:
 Turn
    1: Jinnora the neutral female human Wizard entered the dungeon
  484: entered the Gnomish Mines
  598: attained the rank of Conjurer (level 3)
 2668: killed by a kitten

Spells:
 Name                 Level Category     Fail Retention
 force bolt             1   attack         0%   81%-90%
 wizard lock            2   matter        43%  76%-100%

Skills:
 Fighting Skills
   bare handed combat [Unskilled]
   riding             [Unskilled]
 Weapon Skills
   dagger             [Unskilled]
   knife              [Unskilled]
   axe                [Unskilled]
   short sword        [Unskilled]
   club               [Unskilled]
   mace               [Unskilled]
   quarterstaff       [Basic]
   polearms           [Unskilled]
   spear              [Unskilled]
   trident            [Unskilled]
   sling              [Unskilled]
   dart               [Unskilled]
   shuriken           [Unskilled]
 Spellcasting Skills
   attack spells      [Basic]
   healing spells     [Unskilled]
   divination spells  [Unskilled]
   enchantment spells [Basic]
   clerical spells    [Unskilled]
   escape spells      [Unskilled]
   matter spells      [Unskilled]

Voluntary challenges:
 Character rerolling was not enabled.
 You never genocided any monsters.
 You never polymorphed an object.
 You never changed form.
 You used no wishes.
Achievements:
 You entered the Gnomish Mines.
 You attained the rank of Conjurer.

 The Dungeons of Doom: levels 1 to 5
    Level 1:
       Some fountains.
    Level 2:
       An altar to Thoth.
       Stairs down to The Gnomish Mines.
    Level 3:
       A fountain.
    Level 4: <- You were here.
       An altar, some fountains.
       Final resting place for
          you, killed by a kitten.
    Level 5:
       Final resting place for
          greengrass-Wiz-Hum-Mal-Neu, killed by a dwarf,
          Vizard-Wiz-Elf-Mal-Cha, killed by a homunculus, while sleeping.
 The Gnomish Mines:
    Level 3:


Vanquished creatures:
  a ghost
  2 imps
  a fog cloud
  a gnome leader
  2 dwarves
  a kobold leader
  2 hill orcs
  a giant bat
  a wererat
 an iguana
  a hobbit
  a large kobold
  a giant rat
  2 cave spiders
  4 gnomes
  a garter snake
  4 geckos
  5 jackals
  2 foxes
  a kobold
  a goblin
  a sewer rat
  4 grid bugs
  6 lichens
  a kobold zombie
  a newt
49 creatures vanquished.

No species were genocided or became extinct.

Game over:
                       ----------
                      /          \
                     /    REST    \
                    /      IN      \
                   /     PEACE      \
                  /                  \
                  |     Jinnora      |
                  |      27 Au       |
                  |   killed by a    |
                  |      kitten      |
                  |                  |
                  |                  |
                  |       2026       |
                 *|     *  *  *      | *
        _________)/\\_//(\/(/\)/\//\/|_)_______

Goodbye Jinnora the Wizard...

You died in The Dungeons of Doom on dungeon level 4 with 1205 points,
and 27 pieces of gold, after 2668 moves.
You were level 5 with a maximum of 36 hit points when you died.

